AoeStats
← CBuHDiesel

Arabia

508502344Analyzed
1v1 RM · 11d ago on Sep 22, 2026· 64m 19s· 2 players
Game mode
Random Map
Map size
Tiny (2 player)
Population
200
Speed
Normal
Resources
Standard
Victory
Conquest
Starting age
Dark Age
Ending age
Imperial Age
RankedLock teamsTeams togetherTeam positionsShared explorationLock speedFull tech treeHidden civsTurbo modeCheats
Victory
Defeat
🇷🇺 Bohemians · Russia
716
+14
🇨🇱 Romans · Chile
680
-14
Mumia
5:40 Loom
11:07 Feudal Age
11:56 Horse Collar
12:07 Double-Bit Axe
14:42 Man-at-Arms
17:25 Scale Mail Armor
17:16 Fletching
19:02 Gold Mining
19:05 Stone Mining
20:11 Wheelbarrow
19:59 Town Watch
24:07 Castle Age
24:02 Forging
25:10 Hand Cart
27:26 Chain Mail Armor
27:16 Squires
27:42 Ballistics
28:28 Long Swordsman
29:33 Heavy Plow
30:46 Bodkin Arrow
31:27 Iron Casting
32:31 Bloodlines
32:22 Husbandry
33:03 Masonry
34:19 Ballistas
35:25 Gold Shaft Mining
35:46 Scale Barding Armor
36:42 Town Patrol
39:54 Imperial Age
40:09 Chain Barding Armor
40:54 Legionary
50:08 Blast Furnace
49:44 Plate Barding Armor
51:13 Elite Centurion
54:07 Elite Centurion
61:26 Heavy Scorpion
CBuHDiesel
11:10 Feudal Age
11:36 Horse Collar
18:48 Castle Age
16:52 Double-Bit Axe
19:27 Forging
19:28 Loom
20:22 Heavy Plow
20:37 Bow Saw
21:13 Scale Mail Armor
21:39 Man-at-Arms
21:41 Pikeman
22:22 Squires
31:50 Imperial Age
30:10 Wheelbarrow
31:13 Hand Cart
31:22 Padded Archer Armor
31:13 Fletching
31:47 Ballistics
31:38 Masonry
32:29 Chemistry
33:53 Wagenburg Tactics
34:44 Elite Hussite Wagon
36:04 Halberdier
38:16 Chain Mail Armor
38:37 Iron Casting
38:36 Architecture
38:02 Murder Holes
39:00 Conscription
39:51 Two-Man Saw
38:28 Houfnice
38:58 Arson
62:09 Plate Mail Armor
62:40 Blast Furnace
Connection lost

Rejoining the realm…

Still unreachable

The connection could not be restored.

Session expired

The server has moved on; the page needs a fresh start.